[Event "German Bundesliga 2023-24"]
[Site "Germany"]
[Date "2024.02.03"]
[Round "7.8"]
[White "Moehn, Hans"]
[Black "Movsesian, Sergei"]
[Result "0-1"]
[ECO "A13"]
[WhiteElo "2392"]
[BlackElo "2605"]
[Annotator "ChessBase"]
[PlyCount "68"]
[EventDate "2023.10.20"]
[EventType "team-tourn"]
[EventCountry "GER"]
[SourceTitle "playchess.com"]
[Source "ChessBase"]
[SourceQuality "1"]
[TimeControl "40/6000+30:3000+30"]

1. Nf3 d5 2. g3 e6 3. Bg2 Nf6 4. O-O c5 5. c4 d4 6. e3 Nc6 7. d3 Bd6 8. exd4 cxd4 9. Bg5 h6 10. Bxf6 Qxf6 11. Nbd2 Qe7 12. Nb3 e5 13. Re1 Bg4 14. h3 Be6 15. Nfd2 O-O 16. Rc1 a5 17. c5 Bc7 18. a4 Qd7 19. Kh2 Nb4 20. c6 bxc6 21. Nc5 Qe7 22. Nxe6 Qxe6 23. Ne4 f5 24. Nc5 Qf7 25. Qf3 Rae8 26. Kg1 Bd6 27. h4 Qa7 28. Nb3 e4 29. dxe4 fxe4 30. Qh5 e3 31. fxe3 Bxg3 32. Re2 d3 33. Rd2 Qxe3+ 34. Kh1 Rf4 0-1

[Event "German Bundesliga 2023-24"]
[Site "Germany"]
[Date "2024.02.03"]
[Round "7.9"]
[White "Svane, Rasmus"]
[Black "Navara, David"]
[Result "1/2-1/2"]
[ECO "C67"]
[WhiteElo "2646"]
[BlackElo "2679"]
[Annotator "ChessBase"]
[PlyCount "62"]
[EventDate "2023.10.20"]
[EventType "team-tourn"]
[EventCountry "GER"]
[SourceTitle "playchess.com"]
[Source "ChessBase"]
[SourceQuality "1"]
[TimeControl "40/6000+30:3000+30"]

1. e4 e5 2. Nf3 Nc6 3. Bb5 Nf6 4. O-O Nxe4 5. Re1 Nd6 6. Nxe5 Be7 7. Bf1 Nxe5 8. Rxe5 O-O 9. d4 Bf6 10. Re1 Re8 11. Bf4 Rxe1 12. Qxe1 Ne8 13. Nc3 Bxd4 14. Nd5 d6 15. Bg5 f6 16. Be3 Be5 17. f4 Bxb2 18. Rb1 c6 19. Bc4 cxd5 20. Bxd5+ Kh8 21. Rxb2 Nc7 22. Bxb7 Rb8 23. Qb1 Nd5 24. Bxd5 Rxb2 25. Qxb2 Qa5 26. h3 Qxd5 27. Bxa7 h5 28. c3 Be6 29. Qe2 Bf7 30. Bd4 Qxa2 31. Qxa2 Bxa2 1/2-1/2

[Event "German Bundesliga 2023-24"]
[Site "Germany"]
[Date "2024.02.03"]
[Round "7.9"]
[White "Abasov, Nijat"]
[Black "Pfreundt, Jakob"]
[Result "1-0"]
[ECO "C41"]
[WhiteElo "2641"]
[BlackElo "2455"]
[Annotator "ChessBase"]
[PlyCount "85"]
[EventDate "2023.10.20"]
[EventType "team-tourn"]
[EventCountry "GER"]
[SourceTitle "playchess.com"]
[Source "ChessBase"]
[SourceQuality "1"]
[TimeControl "40/6000+30:3000+30"]

1. d4 d6 2. e4 Nf6 3. Nc3 e5 4. Nf3 Nbd7 5. Bc4 h6 6. a4 Be7 7. O-O c6 8. Re1 O-O 9. a5 exd4 10. Nxd4 Ne5 11. Bf1 Bg4 12. f3 Bd7 13. Nf5 Bxf5 14. exf5 Re8 15. Bf4 b5 16. Kh1 Qd7 17. g4 Qc7 18. Bg3 Bf8 19. Bg2 d5 20. b3 Bd6 21. Qd2 Ned7 22. Ne2 Re7 23. Nf4 Rae8 24. Rxe7 Rxe7 25. h4 Nh7 26. Rg1 Qd8 27. Bh3 Ne5 28. Kh2 Re8 29. Bg2 b4 30. a6 Qa5 31. Re1 Qd8 32. Nh5 Qc7 33. f4 Nd3 34. g5 Nc5 35. Qd4 f6 36. gxf6 Nxf6 37. Nxf6+ gxf6 38. Qxf6 Qg7 39. Qg6 Qxg6 40. fxg6 Ne4 41. Bxe4 Kf8 42. Bd3 Kg7 43. f5 1-0

[Event "German Bundesliga 2023-24"]
[Site "Germany"]
[Date "2024.02.04"]
[Round "7.9"]
[White "Livaic, Leon"]
[Black "Ivic, Velimir"]
[Result "0-1"]
[ECO "E61"]
[WhiteElo "2549"]
[BlackElo "2562"]
[Annotator "ChessBase"]
[PlyCount "78"]
[EventDate "2023.10.20"]
[EventType "team-tourn"]
[EventCountry "GER"]
[SourceTitle "playchess.com"]
[Source "ChessBase"]
[SourceQuality "1"]
[TimeControl "40/6000+30:3000+30"]

1. Nf3 Nf6 2. e3 g6 3. c4 Bg7 4. d4 d6 5. Nc3 O-O 6. Be2 c5 7. O-O cxd4 8. exd4 d5 9. cxd5 Nxd5 10. Qb3 Nb6 11. Rd1 Bg4 12. Be3 Nc6 13. a4 Na5 14. Qb5 Bxf3 15. Bxf3 Nbc4 16. Bf4 Nd6 17. Bxd6 exd6 18. Rac1 Rc8 19. Ne2 Nc6 20. Qxb7 Nxd4 21. Nxd4 Rxc1 22. Rxc1 Bxd4 23. b4 Qf6 24. Rd1 Re8 25. a5 h5 26. b5 Bc5 27. Qc6 Re7 28. Rf1 Qb2 29. g3 Re1 30. Rxe1 Qxf2+ 31. Kh1 Qxe1+ 32. Kg2 Qxa5 33. h4 Qd2+ 34. Kh3 Kg7 35. Qe4 Qc3 36. Be2 Qe5 37. Qf3 d5 38. Bf1 Bd6 39. Qd3 Qe4 0-1

[Event "German Bundesliga 2023-24"]
[Site "Germany"]
[Date "2024.02.03"]
[Round "7.10"]
[White "Nguyen, Thai Dai Van"]
[Black "Svane, Frederik"]
[Result "1/2-1/2"]
[ECO "E06"]
[WhiteElo "2632"]
[BlackElo "2626"]
[Annotator "ChessBase"]
[PlyCount "118"]
[EventDate "2023.10.20"]
[EventType "team-tourn"]
[EventCountry "GER"]
[SourceTitle "playchess.com"]
[Source "ChessBase"]
[SourceQuality "1"]
[TimeControl "40/6000+30:3000+30"]

1. c4 e6 2. g3 d5 3. Bg2 Nf6 4. Nf3 Be7 5. d4 O-O 6. Nc3 Nc6 7. Ne5 Nxe5 8. dxe5 Nd7 9. cxd5 Nxe5 10. O-O exd5 11. Nxd5 Bd6 12. Nc3 c6 13. Bg5 Be7 14. Qxd8 Bxd8 15. Bf4 Ng6 16. Bd6 Re8 17. Rfd1 f5 18. Rac1 Bf6 19. b4 Be6 20. b5 Rac8 21. bxc6 bxc6 22. Bc5 Red8 23. Rxd8+ Rxd8 24. f4 Ne7 25. Bxa7 Bxc3 26. Rxc3 Bxa2 27. Bc5 Nd5 28. Rc2 Bb3 29. Rb2 Bc4 30. Rc2 Bb3 31. Rc1 h6 32. Bh3 g6 33. e4 fxe4 34. Be6+ Kg7 35. Bd4+ Kf8 36. Rxc6 Ke8 37. Bc5 Ba4 38. Ra6 Nc7 39. Rxa4 Nxe6 40. Rxe4 Kf7 41. Be3 Rd1+ 42. Kg2 Re1 43. Kf3 Rh1 44. Kg2 Re1 45. h3 Nc5 46. Rc4 Rxe3 47. Rxc5 h5 48. Rc7+ Kf6 49. g4 hxg4 50. hxg4 Ra3 51. Kf2 Rb3 52. Rc5 Ra3 53. Re5 Rb3 54. Re3 Rb1 55. Ra3 Rc1 56. Ra6+ Kf7 57. Kg3 Rc4 58. Ra7+ Kg8 59. Kf3 Rb4 1/2-1/2

[Event "German Bundesliga 2023-24"]
[Site "Germany"]
[Date "2024.02.04"]
[Round "7.10"]
[White "McShane, Luke J"]
[Black "Kraemer, Martin"]
[Result "1/2-1/2"]
[ECO "C83"]
[WhiteElo "2618"]
[BlackElo "2579"]
[Annotator "ChessBase"]
[PlyCount "253"]
[EventDate "2023.10.20"]
[EventType "team-tourn"]
[EventCountry "GER"]
[SourceTitle "playchess.com"]
[Source "ChessBase"]
[SourceQuality "1"]
[TimeControl "40/6000+30:3000+30"]

1. e4 e5 2. Nf3 Nc6 3. Bb5 a6 4. Ba4 Nf6 5. O-O Nxe4 6. d4 b5 7. Bb3 d5 8. dxe5 Be6 9. c3 Be7 10. Nbd2 Nc5 11. Bc2 d4 12. Nb3 d3 13. Nxc5 dxc2 14. Qxd8+ Rxd8 15. Nxe6 fxe6 16. Be3 Rd5 17. Rfc1 Nxe5 18. Nxe5 Rxe5 19. Rxc2 Rd5 20. c4 bxc4 21. Rxc4 Kd7 22. Rac1 Bd6 23. b3 Rb8 24. Kf1 Ra5 25. R1c2 g6 26. h3 Rab5 27. Rh4 h5 28. Rhc4 Rb4 29. Bd2 Rxc4 30. Rxc4 Rb6 31. Ke2 Rc6 32. Ra4 Ke7 33. Bg5+ Ke8 34. Be3 Ke7 35. Kd3 Be5 36. Ra5 Bd6 37. Bd4 Bb4 38. Ra4 Bd6 39. Bc3 Ke8 40. f3 Be7 41. Be5 Bd6 42. Bd4 Bg3 43. Ra5 Be1 44. Re5 Bh4 45. Re4 Be7 46. Be5 Kf7 47. g4 Rc5 48. Bc3 Rd5+ 49. Ke2 Rc5 50. Kd3 Rd5+ 51. Kc2 Rc5 52. Rf4+ Ke8 53. a4 Bd6 54. Re4 Kd7 55. Re1 Bg3 56. Re2 Bd6 57. Re4 Be7 58. b4 Rd5 59. Rf4 Ke8 60. Rc4 Kd7 61. Bd2 Bd6 62. Be3 Re5 63. Kd3 Rd5+ 64. Ke2 Re5 65. Kf2 Rd5 66. Bd4 Be7 67. Ke3 Bf8 68. Ke2 Be7 69. Bc3 Bd6 70. Re4 Ke7 71. Bd2 Re5 72. Rxe5 Bxe5 73. Kd3 c6 74. Be3 Ke8 75. Ke4 Bd6 76. Bc5 Bc7 77. Kd4 Kd7 78. Kc4 Bf4 79. Bf8 Bg3 80. Kd4 Bb8 81. Ke4 Ke8 82. Bg7 Bd6 83. Bc3 Kf7 84. Kd4 Ke7 85. Kc4 Kd7 86. Bd4 Be7 87. Bc5 Bf6 88. Bf8 Bh4 89. Kd4 Ke8 90. Bh6 Be7 91. Ke5 Kf7 92. Bd2 Bf8 93. Be1 Ke7 94. Kf4 Bh6+ 95. Ke4 Bg7 96. Bd2 Bf6 97. Be3 Kf7 98. Bc5 Bc3 99. Bd6 Ke8 100. Kd3 Be1 101. Kd4 Kd7 102. Bc5 Bg3 103. Ke4 Bc7 104. Bd4 Bd6 105. Bc3 Ke7 106. Kd4 Kd7 107. Bd2 Ke7 108. Kc4 Kd7 109. Be3 Bb8 110. Bc5 Bf4 111. Kd4 Bc7 112. Ke4 Ke8 113. Kd4 Kd7 114. Bf8 Bb8 115. Ke4 Ke8 116. Bc5 Bc7 117. gxh5 gxh5 118. f4 Kf7 119. f5 Bb8 120. Bd4 Bd6 121. Bc3 Bf8 122. Bd2 Bd6 123. Be1 Kf6 124. Bc3+ Kf7 125. Be1 Kf6 126. Bc3+ Kf7 127. Be1 1/2-1/2

[Event "German Bundesliga 2023-24"]
[Site "Germany"]
[Date "2024.02.03"]
[Round "7.10"]
[White "Abel, Dennes"]
[Black "Motylev, Alexander"]
[Result "0-1"]
[ECO "A17"]
[WhiteElo "2404"]
[BlackElo "2619"]
[Annotator "ChessBase"]
[PlyCount "86"]
[EventDate "2023.10.20"]
[EventType "team-tourn"]
[EventCountry "GER"]
[SourceTitle "playchess.com"]
[Source "ChessBase"]
[SourceQuality "1"]
[TimeControl "40/6000+30:3000+30"]

1. Nf3 d5 2. e3 Nf6 3. c4 e6 4. Nc3 b6 5. b3 Bb7 6. Bb2 Nbd7 7. cxd5 exd5 8. Rc1 a6 9. Ne2 c5 10. d4 c4 11. bxc4 dxc4 12. Rxc4 b5 13. Rc2 Be4 14. Rc1 Bb4+ 15. Nd2 O-O 16. a3 Ba5 17. Ng3 Re8 18. f3 Bg6 19. e4 Bxe4 20. fxe4 Nxe4 21. Ngxe4 Qh4+ 22. Ke2 Nf6 23. g3 Qh6 24. Bg2 Ng4 25. Nf1 f5 26. h3 Nf6 27. Kf2 fxe4 28. Ne3 Rf8 29. Ke2 Nh5 30. Qb3+ Kh8 31. Nf1 Rae8 32. Qe3 Rxf1 33. Qxh6 Nxg3+ 34. Ke3 Nf5+ 35. Ke2 Ng3+ 36. Ke3 Rxc1 37. Rxc1 Nf5+ 38. Kf4 Nxh6 39. Rc2 e3 40. Re2 Bc7+ 41. Kg5 Rf8 42. Be4 Bd8+ 43. Kh5 Rf4 0-1

[Event "German Bundesliga 2023-24"]
[Site "Germany"]
[Date "2024.02.03"]
[Round "7.11"]
[White "Lagarde, Maxime"]
[Black "Lammers, Markus"]
[Result "1-0"]
[ECO "A46"]
[WhiteElo "2629"]
[BlackElo "2336"]
[Annotator "ChessBase"]
[PlyCount "59"]
[EventDate "2023.10.20"]
[EventType "team-tourn"]
[EventCountry "GER"]
[SourceTitle "playchess.com"]
[Source "ChessBase"]
[SourceQuality "1"]
[TimeControl "40/6000+30:3000+30"]

1. Nf3 d5 2. g3 Nf6 3. Bg2 e6 4. O-O Be7 5. d4 b5 6. a4 b4 7. c4 bxc3 8. Nxc3 Na6 9. Bf4 O-O 10. Qb1 Nb4 11. Rc1 Ba6 12. Bf1 c5 13. Nb5 Bxb5 14. axb5 Qb6 15. e3 Ne4 16. b3 f6 17. h4 Rf7 18. Ra4 Raf8 19. dxc5 Bxc5 20. Rxb4 Bxb4 21. Rc6 Qd8 22. Rxe6 g5 23. hxg5 fxg5 24. Rxe4 Rxf4 25. exf4 dxe4 26. Nxg5 Qe7 27. Bc4+ Kh8 28. Ne6 Rc8 29. Qa1+ Kg8 30. Nc7+ 1-0

[Event "German Bundesliga 2023-24"]
[Site "Germany"]
[Date "2024.02.03"]
[Round "7.11"]
[White "Mendonca, Leon Luke"]
[Black "Tregubov, Pavel V."]
[Result "1/2-1/2"]
[ECO "E48"]
[WhiteElo "2614"]
[BlackElo "2567"]
[Annotator "ChessBase"]
[PlyCount "112"]
[EventDate "2023.10.20"]
[EventType "team-tourn"]
[EventCountry "GER"]
[SourceTitle "playchess.com"]
[Source "ChessBase"]
[SourceQuality "1"]
[TimeControl "40/6000+30:3000+30"]

1. d4 Nf6 2. c4 e6 3. Nc3 Bb4 4. e3 d5 5. cxd5 exd5 6. Bd3 O-O 7. Nge2 Re8 8. O-O Bd6 9. a3 Nbd7 10. Bd2 c5 11. Nf4 Bxf4 12. exf4 cxd4 13. Nb5 Nc5 14. Qc2 Qb6 15. Ba5 Qxa5 16. Qxc5 Bd7 17. b4 Qa6 18. a4 Rec8 19. Qxd4 Qb6 20. a5 Qxd4 21. Nxd4 Rc3 22. Rfd1 Rac8 23. f3 h5 24. Kf2 Kf8 25. Ke3 Ke7 26. f5 Kd6 27. a6 b6 28. Kf4 Ne8 29. Kg5 Nc7 30. h4 Ke5 31. Bf1 Rh8 32. Re1+ Kd6 33. Kf4 f6 34. Ra2 Re8 35. Rxe8 Bxe8 36. g4 Rc1 37. Be2 Rb1 38. Nc2 hxg4 39. fxg4 Bb5 40. Nd4 Rxb4 41. Ke3 Bxe2 42. Rxe2 Nb5 43. Nxb5+ Rxb5 44. h5 d4+ 45. Kxd4 Rb4+ 46. Kc3 Rxg4 47. Re6+ Kc5 48. Re7 Rg3+ 49. Kb2 Rg5 50. Rxa7 Kb5 51. h6 gxh6 52. Rf7 Kxa6 53. Rxf6 h5 54. Rf8 Kb5 55. f6 Rf5 56. f7 h4 1/2-1/2

[Event "German Bundesliga 2023-24"]
[Site "Germany"]
[Date "2024.02.04"]
[Round "7.11"]
[White "Krejci, Jan"]
[Black "Efimenko, Zahar"]
[Result "1/2-1/2"]
[ECO "C85"]
[WhiteElo "2517"]
[BlackElo "2575"]
[Annotator "ChessBase"]
[PlyCount "60"]
[EventDate "2023.10.20"]
[EventType "team-tourn"]
[EventCountry "GER"]
[SourceTitle "playchess.com"]
[Source "ChessBase"]
[SourceQuality "1"]
[TimeControl "40/6000+30:3000+30"]

1. e4 e5 2. Nf3 Nc6 3. Bb5 a6 4. Ba4 Nf6 5. O-O Be7 6. Bxc6 dxc6 7. d3 Nd7 8. Nbd2 O-O 9. Nc4 Bf6 10. b3 Re8 11. Bb2 c5 12. a4 b6 13. Kh1 a5 14. Ng1 Nf8 15. Ne2 Ng6 16. Ne3 Bg5 17. Nd5 f5 18. exf5 Nh4 19. Ndc3 Nxf5 20. Ne4 Bh6 21. N2g3 Nd4 22. Bxd4 cxd4 23. Qf3 Be6 24. Rae1 Rf8 25. Qd1 Qh4 26. Qh5 Qxh5 27. Nxh5 Rae8 28. h3 Bf7 29. Nhg3 Bd5 30. Re2 Re6 1/2-1/2

[Event "German Bundesliga 2023-24"]
[Site "Germany"]
[Date "2024.02.04"]
[Round "7.12"]
[White "Van Foreest, Lucas"]
[Black "Polak, Tomas"]
[Result "1/2-1/2"]
[ECO "A14"]
[WhiteElo "2540"]
[BlackElo "2518"]
[Annotator "ChessBase"]
[PlyCount "44"]
[EventDate "2023.10.20"]
[EventType "team-tourn"]
[EventCountry "GER"]
[SourceTitle "playchess.com"]
[Source "ChessBase"]
[SourceQuality "1"]
[TimeControl "40/6000+30:3000+30"]

1. Nf3 Nf6 2. c4 e6 3. b3 d5 4. Bb2 Be7 5. g3 O-O 6. Bg2 b6 7. O-O Bb7 8. cxd5 Nxd5 9. d4 Nd7 10. Re1 N5f6 11. Nc3 c5 12. e4 cxd4 13. Nxd4 Ne5 14. Qe2 Bc5 15. Nf3 Nxf3+ 16. Bxf3 Qe7 17. e5 Nd5 18. Nxd5 Bxd5 19. Bxd5 exd5 20. Rad1 Rad8 21. Bd4 Bb4 22. Rf1 f6 1/2-1/2

[Event "German Bundesliga 2023-24"]
[Site "Germany"]
[Date "2024.02.03"]
[Round "7.12"]
[White "Zelbel, Patrick"]
[Black "Ernst, Sipke"]
[Result "1-0"]
[ECO "C47"]
[WhiteElo "2478"]
[BlackElo "2551"]
[Annotator "ChessBase"]
[PlyCount "51"]
[EventDate "2023.10.20"]
[EventType "team-tourn"]
[EventCountry "GER"]
[SourceTitle "playchess.com"]
[Source "ChessBase"]
[SourceQuality "1"]
[TimeControl "40/6000+30:3000+30"]

1. e4 e5 2. Nf3 Nc6 3. Nc3 Nf6 4. d4 exd4 5. Nxd4 Bb4 6. Nxc6 bxc6 7. Bd3 O-O 8. O-O Re8 9. Bg5 h6 10. Bh4 d5 11. exd5 g5 12. Bg3 cxd5 13. Re1 Rxe1+ 14. Qxe1 c6 15. a3 Bf8 16. Na4 c5 17. c4 Bb7 18. Rd1 Bc6 19. Bc2 Qd7 20. Qa5 Qb7 21. cxd5 Bxd5 22. Qc3 Qc6 23. Be5 Bg7 24. Nxc5 Rc8 25. b4 Bxg2 26. Rd6 1-0

[Event "German Bundesliga 2023-24"]
[Site "Germany"]
[Date "2024.02.03"]
[Round "7.12"]
[White "Schulze, Torben"]
[Black "Oleksiyenko, Mykhaylo"]
[Result "1/2-1/2"]
[ECO "B50"]
[WhiteElo "2325"]
[BlackElo "2567"]
[Annotator "ChessBase"]
[PlyCount "66"]
[EventDate "2023.10.20"]
[EventType "team-tourn"]
[EventCountry "GER"]
[SourceTitle "playchess.com"]
[Source "ChessBase"]
[SourceQuality "1"]
[TimeControl "40/6000+30:3000+30"]

1. e4 c5 2. Nf3 d6 3. Nc3 Nf6 4. e5 dxe5 5. Nxe5 a6 6. a4 Qc7 7. Nc4 Nc6 8. d3 Bg4 9. Be2 Bxe2 10. Nxe2 e6 11. c3 Be7 12. O-O O-O 13. a5 Rad8 14. Qc2 Ng4 15. Bf4 e5 16. Bg3 f5 17. f3 Nf6 18. Rfe1 Nh5 19. Bf2 Kh8 20. Nc1 Nf4 21. Bg3 g5 22. Kh1 Rg8 23. Re3 Ng6 24. Bf2 Qd7 25. Nb3 g4 26. fxg4 f4 27. Rh3 Qxg4 28. Rg1 Rg7 29. Nxc5 Bxc5 30. Bxc5 Nh4 31. Qf2 Nf5 32. Qf3 Qg5 33. Bf2 Rgd7 1/2-1/2

[Event "German Bundesliga 2023-24"]
[Site "Germany"]
[Date "2024.02.03"]
[Round "7.13"]
[White "Cornette, Matthieu"]
[Black "Hoeffer, David"]
[Result "1-0"]
[ECO "C78"]
[WhiteElo "2588"]
[BlackElo "2323"]
[Annotator "ChessBase"]
[PlyCount "57"]
[EventDate "2023.10.20"]
[EventType "team-tourn"]
[EventCountry "GER"]
[SourceTitle "playchess.com"]
[Source "ChessBase"]
[SourceQuality "1"]
[TimeControl "40/6000+30:3000+30"]

1. e4 e5 2. Nf3 Nc6 3. Bb5 a6 4. Ba4 Nf6 5. O-O Bc5 6. c3 O-O 7. d4 Ba7 8. Re1 d6 9. h3 Re8 10. Be3 Bd7 11. Nbd2 exd4 12. cxd4 Nxe4 13. d5 Nxd2 14. dxc6 Nxf3+ 15. Qxf3 Bxc6 16. Bxc6 bxc6 17. Bxa7 Rxa7 18. Qxc6 Kf8 19. Rac1 Re7 20. Kf1 g6 21. Rxe7 Qxe7 22. Re1 Qd8 23. Re3 Qb8 24. Qc3 Kg8 25. Qf6 c5 26. h4 Rd7 27. h5 Qd8 28. h6 Qxf6 29. Re8# 1-0

[Event "German Bundesliga 2023-24"]
[Site "Germany"]
[Date "2024.02.04"]
[Round "7.13"]
[White "Kraus, Tomas"]
[Black "Cheng, Bobby"]
[Result "0-1"]
[ECO "D36"]
[WhiteElo "2491"]
[BlackElo "2572"]
[Annotator "ChessBase"]
[PlyCount "74"]
[EventDate "2023.10.20"]
[EventType "team-tourn"]
[EventCountry "GER"]
[SourceTitle "playchess.com"]
[Source "ChessBase"]
[SourceQuality "1"]
[TimeControl "40/6000+30:3000+30"]

1. Nf3 d5 2. d4 Nf6 3. c4 e6 4. cxd5 exd5 5. Nc3 c6 6. Qc2 g6 7. Bg5 Be7 8. e3 Bf5 9. Bd3 Bxd3 10. Qxd3 Nbd7 11. Bh6 Ng4 12. Bf4 O-O 13. h4 Ndf6 14. Kf1 Re8 15. g3 Bd6 16. Re1 Ne4 17. Re2 Bxf4 18. gxf4 Qf6 19. Nd1 Qf5 20. Qc2 h5 21. Kg2 Rac8 22. b4 a5 23. a3 Ra8 24. Ne1 Nh6 25. f3 Nd6 26. Qxf5 Nhxf5 27. Nc2 axb4 28. axb4 Nb5 29. Rd2 Ra2 30. Kh3 Na3 31. Rhh2 Kf8 32. e4 dxe4 33. fxe4 Nxc2 34. exf5 Ra3+ 35. Kg2 Ne1+ 36. Kf2 Rf3+ 37. Kg1 Rxf4 0-1

[Event "German Bundesliga 2023-24"]
[Site "Germany"]
[Date "2024.02.03"]
[Round "7.13"]
[White "Kramer, Julian"]
[Black "Hausrath, Daniel"]
[Result "1/2-1/2"]
[ECO "B30"]
[WhiteElo "2470"]
[BlackElo "2462"]
[Annotator "ChessBase"]
[PlyCount "99"]
[EventDate "2023.10.20"]
[EventType "team-tourn"]
[EventCountry "GER"]
[SourceTitle "playchess.com"]
[Source "ChessBase"]
[SourceQuality "1"]
[TimeControl "40/6000+30:3000+30"]

1. e4 c5 2. Nf3 Nc6 3. Bb5 Nf6 4. Bxc6 dxc6 5. d3 g6 6. Be3 Nd7 7. a4 Bg7 8. Qc1 h6 9. a5 e5 10. O-O Qe7 11. c3 g5 12. b4 cxb4 13. cxb4 Qxb4 14. a6 bxa6 15. Na3 Qd6 16. Nc4 Qe6 17. d4 O-O 18. dxe5 c5 19. Ra5 Rb8 20. Bxc5 Nxc5 21. Rxc5 Qg6 22. Nd6 Bg4 23. h3 Bxf3 24. gxf3 Rb3 25. Qd1 Rfb8 26. Nf5 Kh7 27. Rd5 R3b5 28. Rd6 Qh5 29. Kg2 Rxe5 30. Rxa6 Rb7 31. Qd8 Rb3 32. Ne3 Rb7 33. Qc8 Reb5 34. Ng4 R5b6 35. Rfa1 Bxa1 36. Rxa1 Qg6 37. e5 Rb8 38. Qc4 h5 39. Nf6+ Rxf6 40. exf6 Qxf6 41. Rxa7 Kg7 42. Ra5 h4 43. Qg4 Kh6 44. Qe4 Rb2 45. Rc5 Rd2 46. Rc6 Rd6 47. Rc4 Qe6 48. f4 Qxe4+ 49. Rxe4 f5 50. Re5 1/2-1/2

[Event "German Bundesliga 2023-24"]
[Site "Germany"]
[Date "2024.02.04"]
[Round "7.14"]
[White "Pruijssers, Roeland"]
[Black "Ferreira, Jorge Viterbo"]
[Result "1/2-1/2"]
[ECO "C54"]
[WhiteElo "2539"]
[BlackElo "2525"]
[Annotator "ChessBase"]
[PlyCount "55"]
[EventDate "2023.10.20"]
[EventType "team-tourn"]
[EventCountry "GER"]
[SourceTitle "playchess.com"]
[Source "ChessBase"]
[SourceQuality "1"]
[TimeControl "40/6000+30:3000+30"]

1. e4 e5 2. Nf3 Nc6 3. Bc4 Nf6 4. d3 Bc5 5. O-O d6 6. c3 a6 7. Bb3 Ba7 8. Re1 O-O 9. h3 h6 10. Nbd2 Be6 11. Bc2 Re8 12. Nf1 d5 13. exd5 Bxd5 14. Ng3 Qd6 15. Nh4 Ne7 16. Be3 Bxe3 17. Rxe3 Bc6 18. Ngf5 Nxf5 19. Nxf5 Qf8 20. d4 exd4 21. Qxd4 Rxe3 22. Qxe3 Bd7 23. Ne7+ Kh8 24. Re1 Re8 25. Qe5 Ng8 26. Qe4 Nf6 27. Qe5 Ng8 28. Qe4 1/2-1/2

[Event "German Bundesliga 2023-24"]
[Site "Germany"]
[Date "2024.02.03"]
[Round "7.14"]
[White "Saltaev, Mihail"]
[Black "Ftacnik, Lubomir"]
[Result "0-1"]
[ECO "B88"]
[WhiteElo "2441"]
[BlackElo "2455"]
[Annotator "ChessBase"]
[PlyCount "80"]
[EventDate "2023.10.20"]
[EventType "team-tourn"]
[EventCountry "GER"]
[SourceTitle "playchess.com"]
[Source "ChessBase"]
[SourceQuality "1"]
[TimeControl "40/6000+30:3000+30"]

1. e4 c5 2. Nf3 d6 3. d4 cxd4 4. Nxd4 Nf6 5. Nc3 a6 6. a4 Nc6 7. Bc4 e6 8. O-O Be7 9. Be3 O-O 10. Nxc6 bxc6 11. a5 d5 12. Bb6 Qd6 13. Bd3 Nd7 14. Na4 Bb7 15. c4 c5 16. exd5 exd5 17. Qc2 Qh6 18. Bc7 Qc6 19. Rfe1 Rae8 20. Bxh7+ Kh8 21. Re3 g6 22. Rh3 d4 23. Bxg6+ Kg7 24. Be4 Qxe4 25. Rg3+ Kh8 26. Rh3+ Kg8 27. Rg3+ Kh8 28. Qd2 Qc6 29. Qf4 f5 30. Raa3 Rg8 31. Rh3+ Kg7 32. Rag3+ Kf8 33. Rxg8+ Kxg8 34. Qg3+ Kf7 35. Rh7+ Ke6 36. Nb6 Nxb6 37. Rh6+ Bf6 38. axb6 Kd7 39. h4 Kc8 40. Be5 Rxe5 0-1

[Event "German Bundesliga 2023-24"]
[Site "Germany"]
[Date "2024.02.03"]
[Round "7.14"]
[White "Hampel, Felix"]
[Black "Laurent-Paoli, Pierre"]
[Result "0-1"]
[ECO "A17"]
[WhiteElo "2298"]
[BlackElo "2540"]
[Annotator "ChessBase"]
[PlyCount "54"]
[EventDate "2023.10.20"]
[EventType "team-tourn"]
[EventCountry "GER"]
[SourceTitle "playchess.com"]
[Source "ChessBase"]
[SourceQuality "1"]
[TimeControl "40/6000+30:3000+30"]

1. Nf3 d5 2. e3 Nf6 3. c4 e6 4. Nc3 b6 5. b3 Bb7 6. Bb2 Nbd7 7. Rc1 a6 8. cxd5 exd5 9. Qc2 Bd6 10. Ne2 c5 11. Ng3 g6 12. Be2 O-O 13. d4 Rc8 14. dxc5 Rxc5 15. Qd2 Rxc1+ 16. Bxc1 Qe7 17. O-O Ne4 18. Qd4 Bc5 19. Qa1 h5 20. Rd1 Ndf6 21. Ne5 Re8 22. Bb2 Nxf2 23. Kxf2 Bd6 24. e4 Bxe5 25. Bxe5 Qxe5 26. Qxe5 Rxe5 27. Rc1 h4 0-1

[Event "German Bundesliga 2023-24"]
[Site "Germany"]
[Date "2024.02.03"]
[Round "7.15"]
[White "Grigoriants, Sergey"]
[Black "Voege, Tobias"]
[Result "1/2-1/2"]
[ECO "C11"]
[WhiteElo "2543"]
[BlackElo "2283"]
[Annotator "ChessBase"]
[PlyCount "41"]
[EventDate "2023.10.20"]
[EventType "team-tourn"]
[EventCountry "GER"]
[SourceTitle "playchess.com"]
[Source "ChessBase"]
[SourceQuality "1"]
[TimeControl "40/6000+30:3000+30"]

1. e4 e6 2. d4 d5 3. Nc3 Nf6 4. e5 Nfd7 5. f4 c5 6. Nf3 Nc6 7. Be3 cxd4 8. Nxd4 Qb6 9. Qd2 Qxb2 10. Rb1 Qa3 11. Bb5 Nxd4 12. Bxd4 a6 13. Bxd7+ Bxd7 14. Rb3 Qe7 15. O-O b5 16. f5 Qd8 17. Qf2 Be7 18. Qg3 g6 19. Nxd5 Bc6 20. Nxe7 Qxd4+ 21. Kh1 1/2-1/2

[Event "German Bundesliga 2023-24"]
[Site "Germany"]
[Date "2024.02.03"]
[Round "7.15"]
[White "Heinemann, Thies"]
[Black "Buckels, Valentin"]
[Result "0-1"]
[ECO "C47"]
[WhiteElo "2438"]
[BlackElo "2429"]
[Annotator "ChessBase"]
[PlyCount "100"]
[EventDate "2023.10.20"]
[EventType "team-tourn"]
[EventCountry "GER"]
[SourceTitle "playchess.com"]
[Source "ChessBase"]
[SourceQuality "1"]
[TimeControl "40/6000+30:3000+30"]

1. e4 e5 2. Nf3 Nf6 3. Nc3 Nc6 4. d4 exd4 5. Nxd4 Nxe4 6. Nxe4 Qe7 7. f3 d5 8. Bb5 Bd7 9. O-O dxe4 10. Bxc6 bxc6 11. Re1 O-O-O 12. Rxe4 Qb4 13. Nb3 Qb7 14. Be3 Bf5 15. Rd4 Bd6 16. Qe2 Rhe8 17. Rad1 Qb5 18. Qd2 Bxc2 19. Qxc2 Rxe3 20. Kf2 Rde8 21. R1d2 Re1 22. Qc4 Bxh2 23. Rd8+ Rxd8 24. Rxd8+ Kxd8 25. Qd4+ Qd5 26. Kxe1 Qxd4 27. Nxd4 Kd7 28. b3 Bg1 29. Ne2 Be3 30. Kd1 Ke6 31. Kc2 Ke5 32. Kd3 Bf2 33. Nc3 f5 34. Ne2 g5 35. Kd2 h5 36. Nc1 Bc5 37. Nd3+ Kd4 38. Nf2 Bd6 39. Ke2 c5 40. Nd1 c4 41. bxc4 f4 42. Nf2 Kxc4 43. Ne4 Be7 44. Kd2 Kd4 45. Nf2 a5 46. Nd3 g4 47. Nc1 gxf3 48. gxf3 Bb4+ 49. Ke2 Kc3 50. Nd3 Bd6 0-1